 Dungeon Crawl Stone Soup version 0.28.0-53-g5a82cb258f (webtiles) character file.

Game seed: 7400848864070492132

2447 MiltankisOP the Frost Mage (level 9, -1/64 HPs)
             Began as a White Draconian Transmuter on July 11, 2022.
             Was a Follower of Cheibriados.
             Slain by a water moccasin zombie (5 damage)
             ... on level 7 of the Dungeon.
             The game lasted 00:14:47 (8365 turns).

MiltankisOP the Frost Mage (DrTm)                   Turns: 8365, Time: 00:14:47

Health: -1/64      AC:  7    Str: 16    XL:     9   Next: 25%
Magic:  10/15      EV: 12    Int: 19    God:    Cheibriados [*.....]
Gold:   231        SH:  0    Dex: 13    Spells: 9/16 levels left

rFire   + . .      SeeInvis .     - Unarmed
rCold   + . .      Faith    .   (no shield)
rNeg    . . .      Spirit   .   (armour unavailable)
rPois   .          Reflect  .   (helmet currently unavailable)
rElec   .          Harm     .   (no cloak)
rCorr   .          Rampage  .   (no gloves)
Will    .....                   (boots currently unavailable)
Stlth   +.........              (no amulet)
HPRegen 0.20/turn               k - ring of protection from fire
MPRegen 0.14/turn               (no ring)

@: short of breath, appendages, very slow
A: horns 2, talons 2, breathe frost, AC +7, unfitting armour, cold resistance 1,
cold-blooded
a: Breathe Frost, End Transformation, Renounce Religion, Bend Time


You were on level 7 of the Dungeon.
You worshipped Cheibriados.
Cheibriados was aware of your devotion.
You had temporarily grown beastly horns and talons.
You visited 2 branches of the dungeon, and saw 8 of its levels.

You collected 231 gold pieces.

Inventory:

Hand Weapons
 i - the +8 mace "Durisch" {freeze, rC+ Str+2}
   (You found it on level 6 of the Dungeon)

   It freezes those it strikes, dealing additional cold damage.
   It can also slow down cold-blooded creatures.
   Str:       It affects your strength (+2).
   rC:        It protects you from cold.
Jewellery
 k - a ring of protection from fire (left hand)
Scrolls
 e - 2 scrolls of teleportation {unknown}
 f - 2 scrolls of amnesia {unknown}
 h - 2 scrolls of fog {unknown}
Potions
 a - a potion of attraction {unknown}
 b - 2 potions of flight {unknown}
 c - 2 potions of ambrosia {unknown}
 d - a potion of degeneration
 g - 2 potions of curing
 j - a potion of might {unknown}
 l - a potion of mutation {unknown}


   Skills:
 - Level 1.1 Fighting
 - Level 1.7 Dodging
 - Level 3.0 Unarmed Combat
 - Level 4.0 Spellcasting
 - Level 8.0 Transmutations
 + Level 10.7 Ice Magic


You had 9 spell levels left.
You knew the following spells:

 Your Spells              Type           Power      Damage    Failure   Level
a - Beastly Appendage     Tmut           68%        N/A       1%          1
b - Wereblood             Tmut           34%        N/A       1%          2
c - Ice Form              Ice/Tmut       39%        N/A       3%          4

Your spell library contained the following spells:

 Spells                   Type           Power      Damage    Failure   Level
 Spider Form              Tmut/Pois      19%        N/A       8%          3
 Summon Small Mammal      Summ           12%        N/A       14%         1
 Corpse Rot               Necr/Air       6%         N/A       21%         2
 Poisonous Vapours        Pois/Air       6%         N/A       21%         2
 Call Canine Familiar     Summ           3%         N/A       38%         3
 Summon Guardian Golem    Hex/Summ       3%         N/A       38%         3
 Fireball                 Conj/Fire      1%         3d3       98%         5
 Starburst                Conj/Fire      1%         6d3       100%        6
 Ignition                 Fire           1%         3d3       100%        8


Dungeon Overview and Level Annotations

Branches:
Dungeon (7/15)             Temple (1/1) D:5

Altars:
Ashenzari
Cheibriados
Dithmenos
Elyvilon
Fedhas
Gozag
Hepliaklqana
Makhleb
Nemelex Xobeh
Okawaru
Qazlal
Ru
Sif Muna
Trog
Uskayaw
Vehumet
Wu Jian
Xom
Yredelemnul
Zin
The Shining One

Shops:
D:1 [


Innate Abilities, Weirdness & Mutations

You have temporarily grown beastly horns and talons.
You can breathe waves of freezing cold which knock back foes.
Your icy white scales are hard. (AC +7)
You cannot fit into any form of body armour.
Your flesh is cold resistant. (rC+)
You are cold-blooded and may be slowed by cold attacks.


Message History

You grow a pair of large bovine horns.
Your feet morph into talons.
The water moccasin zombie bites you.
* * * LOW HITPOINT WARNING * * *
You hit the water moccasin zombie but do no damage.
Your tail-slap misses the water moccasin zombie.
The water moccasin zombie barely misses you.
You closely miss the water moccasin zombie.
You claw the water moccasin zombie.
Your headbutt misses the water moccasin zombie.
The water moccasin zombie is lightly damaged.
The water moccasin zombie bites you.
* * * LOW HITPOINT WARNING * * *
The water moccasin zombie barely misses you.
You hit the water moccasin zombie.
You tail-slap the water moccasin zombie.
The water moccasin zombie is moderately damaged.
The water moccasin zombie misses you.
You closely miss the water moccasin zombie.
You claw the water moccasin zombie. You headbutt the water moccasin zombie.
Your tail-slap misses the water moccasin zombie.
The water moccasin zombie is moderately damaged.
The water moccasin zombie barely misses you.
You closely miss the water moccasin zombie.
You headbutt the water moccasin zombie.
You tail-slap the water moccasin zombie.
The water moccasin zombie is heavily damaged.
The water moccasin zombie misses you.
You barely miss the water moccasin zombie.
You claw the water moccasin zombie!
The water moccasin zombie is severely damaged.
The water moccasin zombie bites you.
* * * LOW HITPOINT WARNING * * *
You hit the water moccasin zombie. You claw the water moccasin zombie!
The water moccasin zombie is almost destroyed.
The water moccasin zombie bites you.
* * * LOW HITPOINT WARNING * * *
You barely miss the water moccasin zombie.
The water moccasin zombie is almost destroyed.
The water moccasin zombie bites you.
You die...

#........ ##........
##/........## #
##...........# ..
##....###.....####..#
##....## #.......#
#.....# #....#
#...Z)## #..#
#...#.@.# #.##
#..####..# #.# #..#
#..## #.# #..# #...#
#.# #. #...## #.## #
#....#####..#
#.....##....#
##..........##
##...#########


You could see a water moccasin zombie.

Vanquished Creatures
  A two-headed ogre (D:7)
  Sigmund (D:3)
  A steam dragon (D:6)
  A water moccasin (D:6)
  Duvessa (D:6)
  A black bear (D:6)
  A hornet zombie (D:6)
  A sky beast (D:4)
  Blork the orc (D:5)
  A scorpion (D:5)
  A water moccasin zombie (D:5)
  Dowan (D:6)
  A centaur zombie (D:6)
  A jelly (D:6)
  A gnoll shaman (D:7)
  3 orc priests
  4 hounds
  Crazy Yiuf (D:6)
  A bullfrog skeleton (D:6)
  Natasha (thrice) (D:2)
  4 iguanas
  3 orc wizards
  2 hound skeletons (D:4)
  Robin (D:2)
  5 gnolls (D:7)
  8 adders
  A howler monkey skeleton (D:3)
  2 shadow imps (D:5)
  2 dart slugs
  10 orcs
  2 bats (D:1)
  9 endoplasms
  2 giant cockroaches
  11 goblins
  11 hobgoblins
  11 jackals
  6 kobolds
  2 quokkas
  5 ball pythons
  5 frilled lizards
  5 rats
134 creatures vanquished.

Vanquished Creatures (others)
  A goblin (D:2)
1 creature vanquished.

Grand Total: 135 creatures vanquished

Notes
Turn   | Place    | Note
-------+----------+-------------------------------------------
     0 | D:1      | MiltankisOP the Draconian Transmuter began the quest for
                  | the Orb.
     0 | D:1      | Reached XP level 1. HP: 16/16 MP: 3/3
    61 | D:1      | Reached XP level 2. HP: 18/23 MP: 5/5
   330 | D:1      | Found Yxkocyss's Armour Shop.
   472 | D:1      | Found a faded altar of an unknown god.
   978 | D:2      | Reached XP level 3. HP: 27/28 MP: 5/7
  1133 | D:2      | Learned a level 2 spell: Wereblood
  1136 | D:2      | Noticed Robin
  1155 | D:2      | Killed Robin
  1156 | D:2      | Reached XP level 4. HP: 28/35 MP: 6/8
  1389 | D:2      | Noticed Natasha
  1397 | D:2      | Killed Natasha
  1778 | D:2      | Noticed Natasha
  1787 | D:2      | Killed Natasha
  1788 | D:2      | Reached XP level 5. HP: 37/40 MP: 8/10
  1938 | D:2      | Noticed Natasha
  1942 | D:2      | Killed Natasha
  2569 | D:3      | Reached skill level 5 in Transmutations
  2569 | D:3      | Reached XP level 6. HP: 11/47 MP: 12/12
  2860 | D:3      | Noticed Sigmund
  2872 | D:3      | Killed Sigmund
  3639 | D:4      | Your scales start taking on an icy white colour.
  3639 | D:4      | Reached XP level 7. HP: 51/52 MP: 10/13
  3639 | D:4      | Gained mutation: Your flesh is cold resistant. (rC+) [White
                  | Draconian growth]
  4700 | D:5      | Entered Level 5 of the Dungeon
  5016 | D:5      | Noticed Blork the orc
  5040 | D:5      | Killed Blork the orc
  5041 | D:5      | Reached skill level 2 in Ice Magic
  5418 | D:5      | Found a staircase to the Ecumenical Temple.
  5425 | Temple   | Entered the Ecumenical Temple
  5584 | Temple   | Became a worshipper of Cheibriados the Contemplative
  5846 | D:5      | Reached skill level 3 in Ice Magic
  5938 | D:5      | Reached XP level 8. HP: 32/59 MP: 14/14
  6190 | D:5      | Reached skill level 4 in Ice Magic
  6465 | D:6      | Noticed Dowan
  6472 | D:6      | Noticed Duvessa
  6486 | D:6      | Killed Dowan
  6626 | D:6      | Reached skill level 5 in Ice Magic
  7064 | D:6      | Reached skill level 6 in Ice Magic
  7146 | D:6      | Killed Duvessa
  7147 | D:6      | Reached skill level 7 in Ice Magic
  7692 | D:6      | Reached skill level 8 in Ice Magic
  8007 | D:6      | Found a runed translucent door.
  8013 | D:6      | Learned a level 4 spell: Ice Form
  8013 | D:6      | Noticed Crazy Yiuf
  8021 | D:6      | Killed Crazy Yiuf
  8026 | D:6      | Identified the +8 mace "Durisch" {freeze, rC+ Str+2}
  8104 | D:7      | Reached * piety under Cheibriados
  8182 | D:7      | Reached skill level 9 in Ice Magic
  8315 | D:7      | Noticed a two-headed ogre
  8356 | D:7      | Killed a two-headed ogre
  8357 | D:7      | Reached skill level 10 in Ice Magic
  8357 | D:7      | Reached XP level 9. HP: 18/64 MP: 10/15
  8365 | D:7      | Slain by a water moccasin zombie

Illustrated notes

Levels and vault maps discovered:
D:1:      evilmike_arrival_plus, layout_basic, ebering_ecumenical_altar_hall,
          serial_shops, shop, chequers_hall_statues_corner_a,
          minmay_tiny_reverse_x
D:2:      layout_loops_ring, glass_columns_b, uniq_natasha, uniq_robin
D:3:      layout_basic, uniq_sigmund
D:4:      layout_gridville, amethyst_killhole, grunt_ministairs_1
D:5:      layout_gridville, temple_green, minmay_strange_pillars,
          nicolae_sextant, uniq_blork_the_orc
D:6:      layout_loops_ring, uniq_duvessa, uniq_crazy_yiuf_cottage
D:7:      layout_layer_cave
Temple:   roderic_octagonal_lattice_temple

Skill      XL: |  1  2  3  4  5  6  7  8 |
---------------+-------------------------+-----
Transmutations | 3 5 6 8 |  8.0
Spellcasting   | 3 4 |  4.0
Ice Magic      | 3 10 | 10.7
Fighting       | |  1.1
Dodging        | |  1.7
Unarmed Combat | |  3.0

Action                   |  1- 3 |  4- 6 |  7- 9 || total
-------------------------+-------+-------+-------++-------
Melee: Unarmed           |    97 |   167 |   249 ||   513
       Kick              |    22 |    33 |    71 ||   126
       Headbutt          |    13 |    27 |    38 ||    78
       Tailslap          |     7 |    16 |    22 ||    45
       Punch             |     1 |     5 |     2 ||     8
 Cast: Beastly Appendage |    17 |    33 |    24 ||    74
       Wereblood         |     1 |     2 |     4 ||     7
       Ice Form          |       |       |     4 ||     4
 Abil: Breathe Frost     |       |       |    14 ||    14
  Use: Scroll            |       |     4 |     1 ||     5
       Potion            |       |       |     5 ||     5
 Stab: Sleeping          |     1 |       |     1 ||     2
       Distracted        |     1 |       |       ||     1
Armor: Skin              |    15 |    39 |    96 ||   150
Dodge: Dodged            |    57 |    91 |   137 ||   285
